 Dungeon Crawl Stone Soup version 0.23-a0-49-gd9f7a49 (webtiles) character file.

75 Treefire the Bolt Thrower (level 4, -5/37 HPs)
             Began as a Centaur Arcane Marksman on Aug 6, 2018.
             Shot with an arrow by a centaur (10 damage)
             ... on level 2 of the Dungeon.
             The game lasted 00:06:25 (1778 turns).

Treefire the Bolt Thrower (Centaur Arcane Marksman) Turns: 1778, Time: 00:06:26

Health: -5/37      AC:  6    Str: 13    XL:     4   Next: 11%
Magic:  5/5        EV:  9    Int: 12    God:
Gold:   51         SH:  0    Dex: 10    Spells: 2/5 levels left

rFire    . . .     SeeInvis .   a - +0 hand crossbow
rCold    . . .     Gourm    .   (no shield)
rNeg     . . .     Faith    .   h - +0 leather armour
rPois    .         Spirit   .   i - +1 helmet
rElec    .         Reflect  .   (no cloak)
rCorr    .         Harm     .   (no gloves)
MR       .....                  (no barding)
Stlth    ..........             (no amulet)
HPRegen  0.12/turn              (no ring)
MPRegen  0.09/turn              (no ring)

@: very quick
A: large, hooves 3, deformed body, speed 2, tough skin 3
a: no special abilities


You were on level 2 of the Dungeon.
You were not hungry.

You visited 1 branch of the dungeon, and saw 2 of its levels.

You collected 51 gold pieces.

Inventory:

Hand Weapons
 a - a +0 hand crossbow (weapon)
 c - a +0 spear
 n - a +0 hunting sling
Missiles
 d - 16 bolts (quivered)
 g - 58 stones
 k - 18 arrows
Armour
 e - a +0 robe
 h - a +0 leather armour (worn)
 i - a +1 helmet (worn)
 m - a +0 ring mail
 q - a +0 chain mail
Jewellery
 p - a +3 amulet of reflection {unknown}
Scrolls
 b - 3 scrolls of immolation {unknown}
 l - a scroll of fear {unknown}
 r - a scroll of remove curse {unknown}
 t - 2 scrolls of identify {unknown}
 w - a scroll of teleportation {unknown}
Potions
 j - a potion of flight {unknown}
 s - a potion of berserk rage {unknown}
 u - a potion of mutation {unknown}
 v - 2 potions of degeneration {unknown}
Comestibles
 f - 3 rations
 o - 4 chunks of flesh


   Skills:
 + Level 2.6 Fighting
 - Level 4.0 Crossbows
 - Level 1.3 Dodging
 - Level 1.0 Spellcasting
 - Level 2.6 Hexes


You had 2 spell levels left.
You knew the following spells:

 Your Spells              Type           Power        Failure   Level  Hunger
a - Corona                Hex            #......      13%         1    ##.....
b - Slow                  Hex            #.......     19%         2    ###....

Your spell library contained the following spells:

 Spells                   Type           Power        Failure   Level  Hunger
 Cause Fear               Hex            #.........   77%         4    #####..
 Portal Projectile        Hex/Tloc       #.....       54%         3    ####...
 Leda's Liquefaction      Hex/Erth       #.........   91%         4    #####..
 Inner Flame              Hex/Fire       #.......     54%         3    ####...


Dungeon Overview and Level Annotations

Branches:
Dungeon (2/15)

Altars:


Innate Abilities, Weirdness & Mutations

You have hooves in place of feet.
Armour fits poorly on your strangely shaped body.
You cover ground very quickly.
You have extremely tough skin. (AC +3)


Message History

The centaur shoots an arrow.
The arrow barely misses you.
The centaur shoots an arrow.
The arrow barely misses you.
a - a +0 hand crossbow (weapon)
You see here an arrow.
Firing (i - inventory. (/) - cycle)
d - 18 bolts (quivered)
Press: ? - help, Shift-Dir - straight line, f - hobgoblin
Aim: a hobgoblin, wielding a club You shoot a bolt.
The bolt hits the hobgoblin!
You kill the hobgoblin!
The centaur shoots an arrow.
The arrow hits you!
* * * LOW HITPOINT WARNING * * *
Firing (i - inventory. (/) - cycle)
d - 17 bolts (quivered)
Press: ? - help, Shift-Dir - straight line, f - centaur
Aim: a centaur, wielding a shortbow You shoot a bolt.
The bolt hits the centaur!
The centaur is heavily wounded.
The centaur shoots an arrow.
The arrow hits you.
* * * LOW HITPOINT WARNING * * *
The centaur shoots an arrow.
The arrow hits you!
You die...

###.#..## ##....#
####.#.#.###..##.#
#.........#......#
#.#####.##...###.#
#. #......# #.#
..# #.##.#.###.#
..# #.#.#..c.c.#
..#####.c###...#(#
........#.#.#..#@#
.................#
#...#.#.#######.##
#..#.##.# #.#
#.#####.# #[#
........# #.#
#...###.# #.
.....##.# #.
......#.#


You could see a centaur.

Vanquished Creatures
  Terence (D:2)
  An adder (D:2)
  An ooze (D:1)
  2 dart slugs (D:1)
  A leopard gecko (D:1)
  2 ball pythons (D:1)
  3 bats (D:1)
  2 goblins (D:1)
  3 hobgoblins
  4 jackals (D:1)
  4 kobolds
  3 frilled lizards
  2 rats (D:1)
29 creatures vanquished.

Notes
Turn   | Place    | Note
-------+----------+-------------------------------------------
     0 | D:1      | Treefire the Centaur Arcane Marksman began the quest for the Orb.
     0 | D:1      | Reached XP level 1. HP: 16/16 MP: 2/2
   285 | D:1      | Reached skill level 3 in Crossbows
   390 | D:1      | Reached XP level 2. HP: 21/23 MP: 3/3
   421 | D:1      | Learned a level 2 spell: Slow
   896 | D:1      | Reached XP level 3. HP: 25/28 MP: 4/4
  1499 | D:2      | Reached skill level 4 in Crossbows
  1517 | D:2      | Noticed Terence
  1526 | D:2      | Killed Terence
  1526 | D:2      | Reached XP level 4. HP: 26/37 MP: 5/5
  1745 | D:2      | Noticed a centaur
  1778 | D:2      | Shot with an arrow by a centaur

Vault maps used:
D:1:      arrival_zaba_pyramid, minivault_26
D:2:      first_ration, serial_bayou_pond_c, uniq_terence

Skill      XL: |  1  2  3 |
---------------+----------+-----
Crossbows      | 3 4 |  4.0
Fighting       | 2 |  2.6
Dodging        | |  1.3
Spellcasting   | |  1.0
Hexes          | |  2.6

Action                   |  1- 3 |  4- 6 || total
-------------------------+-------+-------++-------
Melee: Unarmed           |   115 |    12 ||   127
       Kick              |    19 |     1 ||    20
 Fire: Hand crossbow     |    15 |     2 ||    17
 Cast: Slow              |       |     1 ||     1
  Eat: Chunk             |     1 |     1 ||     2
Armor: Leather armour    |    61 |     5 ||    66
       Robe              |    11 |       ||    11
Dodge: Dodged            |    73 |     6 ||    79

Table legend:
 A = Spawn XP
 B = Non-spawn XP
 C = Spawn XP percentage of total XP
 D = Spawn monster count
 E = Non-spawn monster count
 F = Spawn count percentage of total count
 G = Total turns spent on level
                    A         B        C        D         E        F      G
               +---------+---------+-------+---------+---------+-------+---------
         Total |       0 |     108 |   0.0 |       0 |      29 |   0.0 |  1778
               +---------+---------+-------+---------+---------+-------+---------
           D:1 |       0 |      49 |   0.0 |       0 |      23 |   0.0 |  1446
           D:2 |       0 |      59 |   0.0 |       0 |       6 |   0.0 |   332
               +---------+---------+-------+---------+---------+-------+---------
